 Dungeon Crawl Stone Soup version 0.20.1 (webtiles) character file.

5982 KleinerIrrer the Covert (level 10, -1/68 HPs)
             Began as an Octopode Monk on July 2, 2017.
             Slain by an ice beast (2 damage)
             ... on level 9 of the Dungeon.
             The game lasted 00:26:08 (10254 turns).

KleinerIrrer the Covert (Octopode Monk)            Turns: 10254, Time: 00:26:10

Health: -1/68      AC:  1    Str: 10    XL:     10   Next: 85%
Magic:  0/17       EV: 17    Int: 13    God:
Gold:   424        SH:  5    Dex: 18    Spells: 16/18 levels left

rFire    . . .     SeeInvis .   j - +5 dagger (venom)
rCold    + . .     Gourm    .   e - +1 buckler
rNeg     . . .     Faith    .   (helmet restricted)
rPois    .         Spirit   +   m - amulet of guardian spirit
rElec    .         Reflect  .   G - ring of protection from fire
rCorr    .         Harm     .   N - ring of ice
MR       .....                  (no ring)
Stlth    ++++++....             (no ring)
Regen    0.3/turn               (no ring)
MPRegen  0.2/turn               (no ring)
                                (no ring)
                                (no ring)

@: slowed, very slow
A: almost no armour, stealthy swim, amphibious, 8 rings, constrict 8, camouflage
1, gelatinous body 1
a: no special abilities


You were on level 9 of the Dungeon.
You were not hungry.

You visited 1 branch of the dungeon, and saw 9 of its levels.

You collected 424 gold pieces.

Inventory:

Hand Weapons
 j - a +5 dagger of venom (weapon)
 t - a +4 short sword
Missiles
 E - 125 arrows
Armour
 e - a +1 buckler (worn)
Jewellery
 m - an amulet of guardian spirit (around mantle)
 G - a ring of protection from fire (left tentacle)
 N - a ring of ice (right tentacle)
Wands
 D - a wand of polymorph (11/24)
 L - a wand of disintegration (12/24)
 M - a wand of random effects (8/48)
Scrolls
 c - 3 scrolls of teleportation
 k - 3 scrolls of recharging
 w - 2 scrolls of remove curse
 y - 3 scrolls of magic mapping
Potions
 a - a potion of curing
 d - 3 potions of flight
 f - a potion of cancellation
 h - 2 potions of agility
 q - a potion of lignification
 v - a potion of heal wounds
 z - 2 potions of brilliance
 A - a potion of mutation {unknown}
 H - a potion of ambrosia {unknown}
 J - a potion of haste {unknown}
 K - a potion of invisibility {unknown}
Books
 o - a book of Cantrips

   Spells                             Type                      Level
   a - Confusing Touch                Hexes                        1
   b - Animate Skeleton               Necromancy                   1
   c - Summon Small Mammal            Summoning                    1
   d - Apportation                    Translocation                1
 u - a book of Transfigurations

   Spells                             Type                      Level
   a - Irradiate                      Conjuration/Transmutation    5
   b - Statue Form                    Transmutation/Earth          6
   c - Hydra Form                     Transmutation                6
   d - Dragon Form                    Transmutation                7
 B - a book of Dreams

   Spells                             Type                      Level
   a - Ensorcelled Hibernation        Hexes/Ice                    2
   b - Silence                        Hexes/Air                    5
   c - Darkness                       Hexes                        6
   d - Shadow Creatures               Summoning                    6
 F - a Young Poisoner's Handbook

   Spells                             Type                      Level
   a - Sting                          Conjuration/Poison           1
   b - Poisonous Vapours              Poison/Air                   2
   c - Mephitic Cloud                 Conjuration/Poison/Air       3
   d - Olgreb's Toxic Radiance        Poison                       4
   e - Venom Bolt                     Conjuration/Poison           5
Comestibles
 b - 6 bread rations
 g - 4 meat rations
 s - 6 royal jellies
 I - a fruit


   Skills:
 - Level 6.0 Fighting
 + Level 8.6 Short Blades
 + Level 6.2 Dodging
 + Level 12.1 Stealth
 + Level 4.7 Spellcasting
 + Level 3.9 Hexes
 + Level 3.6 Ice Magic


You had 16 spell levels left.
You knew the following spells:

 Your Spells              Type           Power        Failure   Level  Hunger
a - Ensorcelled Hibernat  Hex/Ice        ###...       10%         2    ##.....


Dungeon Overview and Level Annotations

Branches:
Dungeon (9/15)             Temple (0/1) D:5
   Lair: D:8-11         Orc: D:9-12

Altars:
Ashenzari
Cheibriados
Elyvilon
Trog
The Shining One

Annotations:
D:9 Erica


Innate Abilities, Weirdness & Mutations

You cannot wear most types of armour.
You are very stealthy in the water. (Stealth+)
You are amphibious.
You can wear up to eight rings at the same time.
You can use your tentacles to constrict eight enemies at once.
Your skin changes colour to match your surroundings (Stealth+).
Your rubbery body absorbs attacks. (AC +1, EV +1)


Message History

The centaur shoots an arrow.
The arrow hits you!
The centaur shoots an arrow.
The arrow hits you!
* * * LOW HITPOINT WARNING * * *
You see here 2 arrows.
The centaur shoots an arrow.
The arrow hits you!
* * * LOW HITPOINT WARNING * * *
The centaur shoots an arrow.
The arrow closely misses you.
You see here 3 arrows.
You feel much better.
The centaur shoots an arrow.
The arrow hits you!
* * * LOW HITPOINT WARNING * * *
The ice beast completely misses you.
The centaur shoots an arrow.
The arrow completely misses you. The ice beast hits you.
* * * LOW HITPOINT WARNING * * *
The ice beast freezes you. You resist.
* * * LOW HITPOINT WARNING * * *
The ice beast hits you.
* * * LOW HITPOINT WARNING * * *
The ice beast freezes you. You resist.
You die...

#.######)<(.>....
#.......
#......†(....####
########
.....#####).#.#
##### ≈≈≈ ##..#.###
#.... ≈ #.......#
##.#.# #..###..#
#..... .≈.≈≈..
#.......## #.....
.≈≈..≈... #.#.§§#..#
#...†. .≈≈.....#
#.#Y@#§..# #...8.
≈≈...≈..# #..#(#§§.#
#.....
≈≈.∩.≈≈.###(((.....#
#.....
.≈...≈≈.##c.###....#
#.....
≈≈...≈≈..)......####
######
≈≈.∩.≈≈o(########
≈≈......(#
o≈...≈≈..#
.≈≈)≈≈≈..#


You could see an orc warrior (wandering), an ice beast and a centaur.

Vanquished Creatures
  Pikel (D:8)
  Maurice (D:8)
  2 polar bears (D:9)
  A troll (D:8)
  Prince Ribbit (D:8)
  A hippogriff (D:8)
  A wyvern (D:8)
  4 hogs (D:9)
  Grum (D:8)
  A human (D:9)
  A vampire mosquito (D:8)
  A slave (D:8)
  4 ice beasts
  2 sky beasts (D:8)
  5 wolves
  3 ogres
  3 centaurs
  A big kobold (D:9)
  7 bullfrogs
  A gnoll sergeant (D:7)
  A scorpion (D:3)
  A howler monkey (D:4)
  2 electric eels (D:9)
  3 crimson imps
  A bullfrog zombie (D:6)
  4 hounds
  3 jellies (D:6)
  A bullfrog skeleton (D:6)
  2 centaur skeletons (D:9)
  2 orc priests (D:7)
  An iguana (D:5)
  3 orc wizards
  3 worker ants
  A hound zombie (D:7)
  A worker ant zombie (D:9)
  A howler monkey zombie (D:6)
  7 gnolls
  10 adders
  A shadow imp (D:5)
  A white imp (D:9)
  2 oozes
  An adder skeleton (D:4)
  5 worms
  A dart slug (D:4)
  8 leopard geckos
  15 orcs
  A ball python (D:1)
  4 giant cockroaches
  4 goblins
  5 hobgoblins
  8 jackals
  2 quokkas
  6 bats
  6 frilled lizards
  A jackal zombie (D:5)
  19 kobolds
  4 rats
183 creatures vanquished.

Vanquished Creatures (others)
  A slave (D:8)
  An orc (D:8)
2 creatures vanquished.

Grand Total: 185 creatures vanquished

Notes
Turn   | Place    | Note
-------+----------+-------------------------------------------
     0 | D:1      | KleinerIrrer the Octopode Monk began the quest for the Orb.
     0 | D:1      | Reached XP level 1. HP: 16/16 MP: 1/1
   410 | D:1      | Reached XP level 2. HP: 17/21 MP: 2/2
   418 | D:1      | Reached skill level 3 in Stealth
  1206 | D:2      | Reached XP level 3. HP: 26/26 MP: 3/3
  1511 | D:2      | Reached skill level 4 in Stealth
  1514 | D:2      | Reached XP level 4. HP: 31/31 MP: 4/4
  2192 | D:3      | Reached skill level 5 in Stealth
  2207 | D:3      | Reached XP level 5. HP: 34/36 MP: 5/5
  2499 | D:3      | Found a snail-covered altar of Cheibriados.
  2947 | D:4      | Found a shattered altar of Ashenzari.
  3291 | D:4      | Reached XP level 6. HP: 38/42 MP: 6/6
  3292 | D:4      | Found a bloodstained altar of Trog.
  3425 | D:4      | Reached skill level 6 in Stealth
  3669 | D:4      | Found a glowing golden altar of the Shining One.
  3769 | D:5      | Entered Level 5 of the Dungeon
  4283 | D:5      | Learned a level 2 spell: Ensorcelled Hibernation
  4524 | D:5      | Found a staircase to the Ecumenical Temple.
  4531 | D:5      | Reached XP level 7. HP: 47/47 MP: 7/7
  4697 | D:5      | Reached skill level 7 in Stealth
  4751 | D:6      | Reached skill level 5 in Short Blades
  4756 | D:6      | Found a white marble altar of Elyvilon.
  4762 | D:6      | Reached skill level 1 in Spellcasting
  4916 | D:6      | Reached skill level 8 in Stealth
  5029 | D:6      | Reached XP level 8. HP: 54/54 MP: 10/10
  5324 | D:6      | Reached skill level 9 in Stealth
  6384 | D:7      | Found a white marble altar of Elyvilon.
  6892 | D:7      | Reached skill level 10 in Stealth
  7005 | D:8      | Noticed Grum
  7014 | D:8      | Killed Grum
  7014 | D:8      | Reached XP level 9. HP: 43/60 MP: 6/14
  7020 | D:8      | Reached skill level 5 in Fighting
  7283 | D:8      | Found a snail-covered altar of Cheibriados.
  7330 | D:8      | Reached skill level 5 in Dodging
  7687 | D:8      | Noticed Maurice
  7718 | D:8      | Killed Maurice
  7718 | D:8      | Reached skill level 1 in Hexes
  7718 | D:8      | Reached skill level 1 in Ice Magic
  8070 | D:8      | Noticed a troll
  8077 | D:8      | Killed a troll
  8094 | D:8      | Reached XP level 10. HP: 68/68 MP: 13/16
  8148 | D:8      | Noticed Prince Ribbit
  8240 | D:8      | Killed Prince Ribbit
  8362 | D:8      | Noticed Pikel
  8391 | D:8      | Killed Pikel
  8391 | D:8      | Reached skill level 11 in Stealth
  9990 | D:9      | Reached skill level 12 in Stealth
 10241 | D:9      | Noticed Erica
 10252 | D:9      | HP: 3/68 [centaur/arrow (10)]
 10254 | D:9      | HP: 1/68 [ice beast (4)]
 10254 | D:9      | Slain by an ice beast

Skill      XL: |  1  2  3  4  5  6  7  8  9 10 |
---------------+-------------------------------+-----
Stealth        | 3 4 5 6 8 10 12 | 12.1
Short Blades   | 4 5 6 7 8 |  8.6
Dodging        | 4 5 6 |  6.2
Fighting       | 4 6 |  6.0
Spellcasting   | 1 3 4 |  4.7
Hexes          | 2 3 |  3.9
Ice Magic      | 2 3 |  3.6

Action                   |  1- 3 |  4- 6 |  7- 9 | 10-12 || total
-------------------------+-------+-------+-------+-------++-------
Melee: Dagger            |    45 |    40 |       |    49 ||   134
       Tentacles         |     7 |    26 |    49 |    36 ||   118
       Constrict         |    11 |    25 |    31 |    13 ||    80
       Short sword       |     1 |    87 |   185 |    88 ||   361
 Cast: Ensorcelled Hiber |       |       |     2 |     8 ||    10
  Use: Scroll            |     3 |       |       |    19 ||    22
       Potion            |       |       |     1 |     5 ||     6
 Stab: Sleeping          |    13 |    20 |    18 |    15 ||    66
       Distracted        |       |     1 |     2 |     2 ||     5
  Eat: Chunk             |     2 |     9 |     7 |     7 ||    25
       Bread ration      |       |       |     1 |       ||     1
Armor: Skin              |     4 |     4 |     4 |     5 ||    17
Dodge: Dodged            |    22 |    51 |    85 |    82 ||   240
Block: Buckler           |     7 |    11 |    13 |    29 ||    60
